AoeStats
← Invisible

Arena

509534203Analyzed
4v4 RM · 7d ago on Sep 27, 2026· 45m 27s· 8 players
Game mode
Random Map
Map size
Large (8 player)
Population
200
Speed
Normal
Resources
Standard
Victory
Conquest
Starting age
Dark Age
Ending age
Imperial Age
RankedLock teamsTeams togetherTeam positionsShared explorationLock speedFull tech treeHidden civsTurbo modeCheats
Victory
Defeat
🇦🇷 Saxons · Argentina
1054
+20
🇫🇷 Turks · France
1048
+20
🇹🇼 Bohemians · Taiwan
1041
+20
🇮🇩 Japanese · Indonesia
1033
+21
🇦🇷 Magyars · Argentina
1382
-28
🇦🇷 Spanish · Argentina
1178
-22
🇦🇷 Britons · Argentina
1175
-23
🇦🇷 Saracens · Argentina
826
-8
steven.gimenez
1:01 Loom
12:57 Feudal Age
17:45 Castle Age
23:00 Imperial Age
23:37 Padded Archer Armor
28:51 Horse Collar
35:03 Double-Bit Axe
36:10 Wheelbarrow
38:00 Leather Archer Armor
38:35 Hand Cart
39:52 Squires
41:25 Elite Janissary
SensePad
6:20 Loom
9:15 Feudal Age
9:43 Double-Bit Axe
14:31 Fletching
20:31 Wheelbarrow
22:43 Castle Age
24:29 Bow Saw
24:42 Horse Collar
26:10 Scale Mail Armor
26:21 Forging
28:28 Chain Mail Armor
28:07 Gold Mining
29:30 Iron Casting
31:33 Stone Mining
33:33 Squires
33:19 Arson
34:35 Gold Shaft Mining
39:09 Imperial Age
38:03 Hand Cart
37:33 Town Watch
38:04 Bodkin Arrow
39:13 Elite Varangian Guard
40:24 Plate Mail Armor
40:17 Conscription
39:42 Shield Wall
41:41 Pikeman
LoveCreamPie
10:52 Feudal Age
14:55 Castle Age
12:59 Double-Bit Axe
13:08 Horse Collar
16:08 Bow Saw
16:24 Heavy Plow
16:52 Fervor
23:48 Wheelbarrow
26:57 Fortified Wall
27:32 Fletching
27:43 Padded Archer Armor
32:44 Imperial Age
31:55 Town Watch
31:55 Loom
32:12 Squires
31:32 Pikeman
31:58 Arson
33:24 Chemistry
32:44 Ballistics
33:03 Leather Archer Armor
32:58 Forging
32:44 Bodkin Arrow
32:50 Scale Mail Armor
32:12 Crossbowman
34:42 Two-Man Saw
33:09 Arbalester
34:10 Conscription
33:56 Wagenburg Tactics
35:15 Ring Archer Armor
36:02 Iron Casting
35:28 Bracer
35:59 Ring Archer Armor
36:15 Chain Mail Armor
36:29 Hussite Reforms
36:27 Halberdier
38:52 Blast Furnace
38:20 Hand Cart
37:51 Loom
38:47 Town Watch
38:51 Houfnice
40:32 Plate Mail Armor
40:23 Town Patrol
42:53 Bombard Tower
42:39 Siege Engineers
44:22 Redemption
44:32 Sanctity
44:13 Devotion
44:28 Block Printing
44:39 Illumination
44:50 Theocracy
DekaJe
0:32 Loom
10:43 Feudal Age
15:02 Castle Age
14:51 Double-Bit Axe
14:49 Horse Collar
24:54 Yasama
29:18 Murder Holes
31:31 Wheelbarrow
34:08 Imperial Age
31:25 Elite Skirmisher
32:13 Thumb Ring
32:10 Guard Tower
32:33 Masonry
32:05 Treadmill Crane
32:50 Fletching
33:12 Forging
33:03 Scale Mail Armor
33:24 Crossbowman
34:38 Bodkin Arrow
34:45 Padded Archer Armor
34:58 Arbalester
36:05 Parthian Tactics
37:13 Keep
37:01 Ballistics
37:07 Chain Mail Armor
38:29 Plate Mail Armor
38:16 Leather Archer Armor
38:37 Iron Casting
38:03 Bracer
38:10 Scale Barding Armor
38:02 Arrowslits
39:11 Hand Cart
38:42 Town Watch
40:32 Ring Archer Armor
40:04 Bracer
40:07 Heavy Plow
40:20 Bow Saw
41:14 Chemistry
40:27 Fortified Wall
40:36 Elite Samurai
41:37 Kataparuto
41:38 Conscription
41:54 Hoardings
Invisible
11:03 Feudal Age
12:01 Loom
27:46 Double-Bit Axe
29:25 Horse Collar
34:12 Castle Age
36:01 Castle Age
37:11 Wheelbarrow
36:26 Town Watch
36:49 Heavy Plow
38:00 Bow Saw
44:08 Fletching
44:57 Crossbowman
Kyriokes
9:57 Feudal Age
11:50 Loom
14:49 Castle Age
13:41 Double-Bit Axe
14:09 Gold Mining
14:09 Horse Collar
16:10 Fletching
18:29 Heavy Plow
19:23 Crossbowman
23:00 Bodkin Arrow
30:20 Thumb Ring
33:04 Wheelbarrow
32:15 Town Watch
32:42 Bow Saw
33:43 Town Patrol
34:27 Padded Archer Armor
35:35 Hand Cart
36:09 Ballistics
38:29 Imperial Age
37:59 Squires
37:44 Arson
37:24 Pikeman
38:08 Scale Mail Armor
38:19 Forging
38:25 Leather Archer Armor
38:40 Arbalester
39:24 Bracer
39:56 Conscription
41:28 Chain Mail Armor
Peggs @NEOc2
3:20 Loom
11:31 Feudal Age
12:21 Horse Collar
12:34 Double-Bit Axe
17:51 Castle Age
16:46 Scale Barding Armor
16:47 Gold Mining
18:51 Heavy Plow
19:27 Chain Barding Armor
21:31 Wheelbarrow
22:31 Stone Mining
24:02 Bow Saw
25:08 Hand Cart
26:06 Forging
29:43 Imperial Age
28:48 Stone Shaft Mining
29:33 Town Watch
31:52 Conscription
32:09 Elite Conquistador
33:15 Bloodlines
33:47 Plate Barding Armor
33:22 Husbandry
33:23 Cavalier
34:47 Iron Casting
35:33 Two-Man Saw
37:29 Paladin
39:16 Blast Furnace
PSICOLOGO DEPORTIVO
3:35 Loom
4:02 Loom
13:08 Feudal Age
18:08 Castle Age
16:30 Double-Bit Axe
16:33 Horse Collar
17:21 Scale Barding Armor
19:31 Husbandry
21:14 Wheelbarrow
20:36 Gold Mining
24:50 Bloodlines
25:02 Chain Barding Armor
25:44 Stone Mining
29:09 Hand Cart
29:35 Town Watch
34:36 Heavy Plow
34:25 Light Cavalry
35:18 Corvinian Army
40:20 Imperial Age
37:55 Town Patrol
38:10 Bow Saw
38:39 Gold Shaft Mining
41:48 Plate Barding Armor
40:35 Cavalier
42:09 Conscription
41:29 Elite Magyar Huszar
43:07 Hussar
Connection lost

Rejoining the realm…

Still unreachable

The connection could not be restored.

Session expired

The server has moved on; the page needs a fresh start.